 Dungeon Crawl Stone Soup version 0.18-a0-1405-g73f4075 (webtiles) character file.

46 M4edhros the Charlatan (level 3, -4/23 HPs)
             Began as an Octopode Artificer on Feb 25, 2016.
             Slain by Natasha (5 damage)
             ... on level 2 of the Dungeon.
             The game lasted 00:01:12 (1331 turns).

M4edhros the Charlatan (Octopode Artificer)         Turns: 1331, Time: 00:01:12

Health: -4/23      AC:  1    Str: 10    XL:     3   Next: 66%
Magic:  5/5        EV: 12    Int: 15    God:
Gold:   116        SH:  0    Dex: 16    Spells: 0 memorised, 2 levels left

rFire  . . .     SeeInvis .       - Unarmed
rCold  . . .     Gourm    .     (no shield)
rNeg   . . .     Faith    .     (helmet restricted)
rPois  .         Spirit   .     (no amulet)
rElec  .         Dismiss  .     q - +4 ring of dexterity
rCorr  .         Reflect  .     (no ring)
SustAt .         Harm     .     (no ring)
MR     .....                    (no ring)
Stlth  +++.......               (no ring)
                                (no ring)
                                (no ring)
                                (no ring)

@: not resistant to hostile enchantments, fairly stealthy
A: almost no armour, amphibious, 8 rings, constrict 8, camouflage 1, gelatinous
body 1
a: no special abilities


You were on level 2 of the Dungeon.
You were very hungry.

You visited 1 branch of the dungeon, and saw 2 of its levels.

You collected 116 gold pieces.

Inventory:

Jewellery
 q - a +4 ring of dexterity (left tentacle)
Wands
 b - a wand of flame (15/48)
 c - a wand of enslavement (15/24)
 d - a wand of random effects (15/48)
Scrolls
 e - 2 scrolls of identify {unknown}
 h - a scroll of blinking {unknown}
 j - 3 scrolls of remove curse {unknown}
 l - a scroll of recharging {unknown}
 n - a scroll of fear {unknown}
 o - a scroll of enchant weapon {unknown}
Potions
 a - 2 potions of heal wounds {unknown}
 i - a potion of curing
 k - a potion of mutation {unknown}
 m - a potion of cancellation {unknown}
 p - a potion of degeneration {unknown}
Comestibles
 f - 2 bread rations
 g - 3 meat rations


   Skills:
 - Level 1.0 Fighting
   Level 1.0 Short Blades
 - Level 2.0 Dodging
 - Level 1.3 Stealth
 + Level 3.1 Unarmed Combat
 - Level 3.2 Evocations


You had 2 spell levels left.
You didn't know any spells.

Dungeon Overview and Level Annotations

Branches:
Dungeon (2/15)

Altars:

Annotations:
D:2 Natasha


Innate Abilities, Weirdness & Mutations

You cannot wear most types of armour.
You are amphibious.
You can wear up to eight rings at the same time.
You can use your tentacles to constrict eight enemies at once.
Your skin changes colour to match your surroundings (Stealth).
Your rubbery body absorbs attacks (AC +1).


Message History

The goblin is heavily wounded.
You constrict the goblin.
You kill the goblin!
Natasha, Servant of Life and Death comes into view.
Natasha is nearby!
Natasha is nearby!
Natasha hisses angrily.
Natasha is nearby!
Natasha stares at you and mumbles some strange words.
The magic dart hits you!
Natasha growls.
Natasha claws you!
* * * LOW HITPOINT WARNING * * *
You closely miss Natasha. Your grab misses Natasha. Natasha claws you.
* * * LOW HITPOINT WARNING * * *
You are too injured to fight recklessly!
You tentacle-slap Natasha. Your grab misses Natasha.
Natasha is lightly wounded.
Natasha claws you.
You die...

#.#.#.##.######.#....
..###..............#
#.#.###############
#.## #.# #.# #.# #.#
#@# #h# ..# ####


You could see Natasha.

Vanquished Creatures
  An ooze (D:1)
  A dart slug (D:2)
  3 giant geckos
  A giant cockroach (D:1)
  6 goblins
  2 hobgoblins (D:2)
  5 jackals (D:2)
  2 ball pythons (D:1)
  5 bats
  2 giant newts
  3 kobolds
31 creatures vanquished.

Notes
Turn   | Place    | Note
--------------------------------------------------------------
     0 | D:1      | M4edhros the Octopode Artificer began the quest for the Orb.
     0 | D:1      | Reached XP level 1. HP: 13/13 MP: 3/3
    62 | D:1      | Reached skill level 1 in Unarmed Combat
   108 | D:1      | Reached XP level 2. HP: 12/18 MP: 4/4
   838 | D:2      | Reached XP level 3. HP: 10/23 MP: 5/5
  1324 | D:2      | Noticed Natasha
  1330 | D:2      | HP: 1/23 [Natasha (5)]
  1331 | D:2      | Slain by Natasha

Vault maps used:
D:1:      tarquinn_simple_flora_water_e
D:2:      st_stairs_14, kennysheep_big_empty_room, uniq_natasha

Skill      XL: |  1  2  3 |
---------------+----------+-----
Unarmed Combat | 1 2 3 |  3.1
Fighting       | |  1.0
Short Blades   | |  1.0
Dodging        | |  2.0
Stealth        | |  1.3
Evocations     | |  3.2

Action                   || total
-------------------------++-------
Melee: Unarmed           ||    77
  Use: Potion            ||     1
 Stab: Sleeping          ||     9
